Map: Prion Terraces

Players

lesha

  • Race: Terran Terran
  • League: Silver

LostOne - Winner!

  • Race: Terran Terran
  • League: Gold

VOD

Have the link to the VOD?

Description

Time

  • Played on: Jan. 4, 2016, 10 a.m.
  • Length: 7:48
Show
View Real Time Build Order
Export as new Build Order

lesha Terran 

Build Orders:  

Get SALT Encoding   

  12  0:01  SCV  
  13  0:13  SCV  
  14  0:18  Supply Depot  
  14  0:26  Refinery  
  14  0:28  SCV  
  15  0:40  SCV  
  16  0:45  Barracks  
  16  0:56  SCV  
  17  1:08  SCV  
  18  1:20  SCV  
  20  1:32  Reaper  
  20  1:37  Orbital Command  
  20  1:40  Supply Depot  
  20  1:50  Factory  
  20  2:02  Barracks  
  20  2:03  SCV  
  20  2:07  Reaper  
  22  2:13  Refinery  
  22  2:49  Barracks Reactor  
  22  2:53  Factory Tech Lab  
  22  2:56  Barracks Reactor  
  22  3:09  Command Center  
  22  3:11  Barracks  
  22  3:13  Supply Depot  
  22  3:14  Supply Depot  
  22  3:17  SCV, Engineering Bay  
  23  3:28  Marine x2  
  25  3:41  Starport  
  25  3:51  Marine  
  25  3:52  Marine x3  
  27  4:02  SCV  
  28  4:06  Terran Infantry Weapons Level 1, Barracks Tech Lab  
  28  4:10  Marine  
  28  4:11  Marine x3  
  28  4:14  SCV  
  28  4:17  Starport Reactor  
  33  4:27  SCV  
  33  4:28  Marine  
  33  4:29  Orbital Command  
  35  4:32  Marine x3  
  38  4:38  Stimpack  
  38  4:42  SCV  
  38  4:43  Marine  
  35  5:20  SCV x2  
  37  5:21  Marine x3  
  37  5:22  Marine x2  
  37  5:23  Medivac x2  
  46  5:32  SCV x2  
  46  5:39  Marine  
  39  5:51  Missile Turret  
  39  5:53  Marine x3  
  39  5:54  Marine  
  39  5:55  Medivac x2  
  44  5:57  Marine  
  37  6:13  Marine x4  
  37  6:15  Marine  
  40  6:26  SCV x2  
  40  6:30  Missile Turret, Marine  
  40  6:31  Marine  
  44  6:38  SCV, Marine  
  44  6:39  Marine  
  47  6:50  SCV x2  
  48  7:16  Marine x5  
Show
View Real Time Build Order
Export as new Build Order

LostOne Terran - Winner!

Build Orders: Banshee Rush 

Get SALT Encoding   

  12  0:01  SCV  
  13  0:13  SCV  
  14  0:17  Supply Depot  
  14  0:25  SCV  
  15  0:36  Refinery  
  15  0:39  SCV  
  16  0:45  Barracks  
  16  0:51  SCV  
  17  1:03  SCV  
  18  1:07  Refinery  
  18  1:15  SCV  
  19  1:27  SCV  
  19  1:30  Supply Depot  
  20  1:32  Marine  
  22  1:41  Orbital Command  
  22  1:46  Factory  
  21  1:53  Marine  
  22  2:07  SCV  
  23  2:14  Marine  
  24  2:20  SCV  
  25  2:32  Starport, Marine  
  25  2:35  SCV  
  27  2:37  Factory Tech Lab  
  27  2:47  SCV  
  27  2:50  Marine  
  29  2:58  Command Center  
  29  3:06  Supply Depot  
  29  3:07  Marine  
  30  3:16  Barracks  
  30  3:19  Factory Tech Lab  
  30  3:25  SCV  
  31  3:27  Banshee  
  34  3:46  Siege Tank  
  37  3:53  Cloaking Field  
  37  3:54  SCV  
  38  3:58  Supply Depot  
  38  3:59  Marine  
  39  4:09  SCV, Orbital Command  
  40  4:20  Engineering Bay  
  40  4:21  SCV, Siege Tank  
  44  4:27  Orbital Command  
  44  4:28  Barracks Tech Lab  
  44  4:29  Barracks Reactor  
  44  4:33  SCV  
  45  4:46  SCV  
  46  5:24  Marauder  
  46  5:25  Stimpack, Marine x2  
  50  5:30  SCV  
  50  5:33  Siege Tank  
  54  5:38  Barracks  
  54  5:42  SCV  
  55  5:54  SCV  
  53  6:28  Banshee  
  53  6:29  Barracks Reactor  
  53  6:30  Siege Tank  
  53  6:32  Marine  
  59  6:33  Marine x2  
  62  6:42  Supply Depot x2  
  62  6:44  Supply Depot  
  62  6:47  Refinery  
  62  6:48  Command Center  
  62  6:50  Refinery  
  62  6:55  Supply Depot  
  62  7:03  SCV x2, Siege Tank  
  62  7:04  Marauder  
  72  7:15  SCV x2  
  71  7:26  Marine x2  
  71  7:27  Marine x3  
Tags
 
Add a new tag
Caveats
  • Supply blocks, unpowered buildings, or Contaminate may cause inaccurate times.
  • Supply counts are checked every 10 seconds.